 Dungeon Crawl Stone Soup version 0.18.1-5-g4a78601 (webtiles) character file.

1796 varam the Grappler (level 8, -6/73 HPs)
             Began as a Minotaur Monk on May 11, 2016.
             Was a Priest of Okawaru.
             Mangled by an ogre
             ... wielding a +0 giant club
              (21 damage)
             ... while paralysed by Grinder
             ... on level 6 of the Dungeon.
             The game lasted 00:15:54 (6773 turns).

varam the Grappler (Minotaur Monk)                  Turns: 6773, Time: 00:15:55

Health: -6/73      AC:  8    Str: 16    XL:     8   Next: 83%
Magic:  5/7        EV:  2    Int:  7    God:    Okawaru [***...]
Gold:   291        SH:  0    Dex: 15    Spells: 0 memorised, 7 levels left

rFire  . . .     SeeInvis .       - Unarmed
rCold  . . .     Gourm    .     K - +0 ring mail
rNeg   + . .     Faith    .     i - +0 buckler
rPois  .         Spirit   .     (helmet restricted)
rElec  .         Dismiss  .     J - +0 cloak
rCorr  .         Reflect  .     k - +0 pair of gloves
SustAt .         Harm     .     (no boots)
MR     .....                    (no amulet)
Stlth  ++........               (no ring)
                                q - ring of positive energy

@: paralysed, heroism, not resistant to hostile enchantments, unstealthy
A: retaliatory headbutt, horns 2
a: Heroism, Renounce Religion


You were on level 6 of the Dungeon.
You worshipped Okawaru.
Okawaru was most pleased with you.
You were not hungry.

You visited 1 branch of the dungeon, and saw 9 of its levels.
You also visited: Sewer.

You collected 291 gold pieces.

Inventory:

Hand Weapons
 L - the +4 dagger "Orb Guardian's Peril" {venom, +Inv rPois Str+2}
   (You found it on level 7 of the Dungeon)

   It poisons the flesh of those it strikes.
   It affects your strength (+2).
   It protects you from poison.
   It lets you turn invisible.
Missiles
 m - 12 tomahawks (quivered)
Armour
 a - a +0 robe
 i - a +0 buckler (worn)
 k - a +0 pair of gloves (worn)
 J - a +0 cloak (worn)
 K - a +0 ring mail (worn)
Jewellery
 q - a ring of positive energy (left hand)
 z - an uncursed ring of flight {unknown}
 F - an uncursed ring of protection from cold {unknown}
 N - an uncursed ring of ice {unknown}
Wands
 n - a wand of paralysis (17/24)
 r - a wand of paralysis (10/24)
 v - a wand of confusion (17/48)
 y - a wand of polymorph (4/24)
 H - a wand of slowing (17/48)
 I - a wand of slowing (21/48)
Scrolls
 c - 2 scrolls of fog {unknown}
 e - 6 scrolls of remove curse {unknown}
 h - 2 scrolls of noise {unknown}
 l - 3 scrolls of enchant weapon {unknown}
 o - 6 scrolls of identify {unknown}
 p - 2 scrolls of teleportation {unknown}
 u - 3 scrolls of enchant armour {unknown}
 w - 2 scrolls of fear {unknown}
 x - 2 scrolls of magic mapping {unknown}
Potions
 d - a potion of brilliance {unknown}
 f - 3 potions of ambrosia {unknown}
 g - 2 potions of curing {unknown}
 j - a potion of cure mutation {unknown}
 s - a potion of heal wounds
 t - a potion of might {unknown}
 A - 2 potions of flight {unknown}
 B - a potion of mutation {unknown}
Books
 D - a book of Fire

   Spells                             Type                      Level
   a - Ignite Poison                  Fire/Transmutation/Poison    3
   b - Fireball                       Conjuration/Fire             5
   c - Bolt of Fire                   Conjuration/Fire             6
   d - Delayed Fireball               Conjuration/Fire             7
   e - Ring of Flames                 Charms/Fire                  7
 G - a book of the Sky

   Spells                             Type                      Level
   a - Summon Lightning Spire         Summoning/Air                4
   b - Airstrike                      Air                          4
   c - Silence                        Hexes/Air                    5
   d - Deflect Missiles               Charms/Air                   6
   e - Conjure Ball Lightning         Conjuration/Air              6
   f - Tornado                        Air                          9
Comestibles
 b - 3 bread rations
 C - 5 fruits
 E - a meat ration
 M - 5 chunks of flesh


   Skills:
 - Level 7.2(12.2) Fighting
 - Level 6.4(11.4) Dodging
 - Level 1.5(6.5) Stealth
 - Level 4.0(9.0) Shields
 * Level 9.8(14.8) Unarmed Combat


You had 7 spell levels left.
You didn't know any spells.

Dungeon Overview and Level Annotations

Branches:
Dungeon (9/15)
 Temple: D:4-7         Lair: D:8-11         Orc: D:9-12

Altars:
Ashenzari
Cheibriados
Dithmenos
Elyvilon
Kikubaaqudgha
Nemelex Xobeh
Okawaru
Pakellas
Ru
Trog
Xom
Yredelemnul

Annotations:
D:5 Sphara's ghost, novice HEWn
D:6 Grinder


Innate Abilities, Weirdness & Mutations

You reflexively headbutt those who attack you in melee.
You have a pair of horns on your head.


Message History

You block Grinder's attack.
You pummel Grinder!!
Grinder is severely wounded.
You hear some strange, mumbled words.
A magic dart appears from out of thin air!
The magic dart hits you! Grinder gestures at you.
You suddenly lose the ability to move!
The ogre hits you but does no damage. Something hits you but does no damage.
Grinder hits you but does no damage. The ogre hits you but does no damage.
Something hits you but does no damage.
Grinder says, "FISH!"
Grinder blinks!
Something hits you but does no damage. The ogre hits you with a giant club!!
* * * LOW HITPOINT WARNING * * *
Something completely misses you.
An orc wizard appears from thin air!
Reactivating autopickup.
Grinder blinks!
The ogre hits you with a giant club!!
You die...

#.#.#.#.#
#.#.#.
#.#.#c#.#.#.#.#
#.#.#.#†#.#.#.
#.#.#.#$#.#.#
#.#.#'#.#.#
#.#...#.#
#.#'W..(#.#
####oO.####
#@..# #..5#
#...# #..§#
#...# #...#
#...# #...#
#...#


You could see Grinder, a phantom, an ogre and an orc wizard.

Vanquished Creatures
  Prince Ribbit (D:8)
  2 orc warriors (D:8)
  An ogre (D:4)
  2 centaurs
  8 big kobolds
  Blork the orc (D:5)
  A scorpion (D:8)
  A crimson imp (D:6)
  A jelly (D:8)
  An orc priest (D:7)
  2 orc wizards
  Natasha (thrice) (D:3)
  2 worker ants
  8 adders
  3 river rats (Sewer)
  A shadow imp (D:8)
  2 oozes
  5 worms
  A dart slug (D:2)
  7 giant geckos
  16 orcs
  5 giant cockroaches
  5 goblins
  9 hobgoblins
  7 jackals
  2 quokkas
  6 ball pythons
  7 bats
  3 giant newts
  A jackal skeleton (D:4)
  18 kobolds
  15 rats
147 creatures vanquished.

Vanquished Creatures (others)
  2 plants (D:8)
2 creatures vanquished.

Grand Total: 149 creatures vanquished

Notes
Turn   | Place    | Note
--------------------------------------------------------------
     0 | D:1      | varam the Minotaur Monk began the quest for the Orb.
     0 | D:1      | Reached XP level 1. HP: 19/19 MP: 0/0
   280 | D:1      | Reached XP level 2. HP: 22/27 MP: 1/1
   896 | D:2      | Reached skill level 5 in Unarmed Combat
   900 | D:2      | Reached XP level 3. HP: 33/33 MP: 2/2
  1388 | D:2      | Reached skill level 1 in Shields
  1709 | D:2      | Reached XP level 4. HP: 40/40 MP: 3/3
  1927 | D:3      | Found a shattered altar of Ashenzari.
  2114 | D:3      | Found a sacrificial altar of Ru.
  2119 | D:3      | Noticed Natasha
  2126 | D:3      | Killed Natasha
  2134 | D:3      | Found a shimmering altar of Xom.
  2158 | D:3      | Noticed Natasha
  2169 | D:3      | Killed Natasha
  2169 | D:3      | Reached XP level 5. HP: 35/47 MP: 4/4
  2202 | D:3      | Found a basalt altar of Yredelemnul.
  2203 | D:3      | Found an oddly glowing altar of Pakellas.
  2205 | D:3      | Found an iron altar of Okawaru.
  2351 | D:3      | Found a glowing drain.
  2355 | Sewer    | Entered a sewer
  2414 | Sewer    | Reached skill level 6 in Unarmed Combat
  2466 | Sewer    | Reached XP level 6. HP: 26/55 MP: 5/5
  2792 | Sewer    | Reached skill level 5 in Fighting
  3589 | Sewer    | Reached skill level 7 in Unarmed Combat
  3589 | Sewer    | Reached XP level 7. HP: 61/61 MP: 6/6
  4083 | D:3      | Noticed Natasha
  4093 | D:3      | Killed Natasha
  4413 | D:3      | Became a worshipper of Warmaster Okawaru
  4413 | D:3      | Reached * piety under Okawaru
  4413 | D:3      | Reached ** piety under Okawaru
  4749 | D:4      | Reached skill level 5 in Dodging
  4886 | D:5      | Entered Level 5 of the Dungeon
  4926 | D:5      | Noticed Blork the orc
  4939 | D:5      | Killed Blork the orc
  4974 | D:5      | Noticed Sphara's ghost (novice HEWn)
  4980 | D:5      | You fall through a shaft for 3 floors!
  5075 | D:8      | Found a sparkling altar of Nemelex Xobeh.
  5328 | D:8      | Found a shadowy altar of Dithmenos.
  5356 | D:7      | Found a white marble altar of Elyvilon.
  5356 | D:7      | Found a bloodstained altar of Trog.
  5356 | D:7      | Found an ancient bone altar of Kikubaaqudgha.
  5356 | D:7      | Found a snail-covered altar of Cheibriados.
  5367 | D:7      | Got a fine dagger
  5368 | D:7      | Identified the +4 dagger "Orb Guardian's Peril" {venom, +Inv rPois Str+2} (You found it on level 7 of the Dungeon)
  5457 | D:8      | Reached skill level 8 in Unarmed Combat
  5596 | D:8      | Reached XP level 8. HP: 68/70 MP: 7/7
  5681 | D:9      | Noticed a troll
  6298 | D:7      | Noticed Prince Ribbit
  6307 | D:8      | Killed Prince Ribbit
  6307 | D:8      | Reached *** piety under Okawaru
  6329 | D:8      | Reached skill level 9 in Unarmed Combat
  6743 | D:6      | Noticed Grinder
  6768 | D:6      | Paralysed by Grinder for 7 turns
  6773 | D:6      | Mangled by an ogre

Skill      XL: |  1  2  3  4  5  6  7  8 |
---------------+-------------------------+-----
Unarmed Combat | 5 6 7 8 9 |  9.8
Fighting       | 4 5 6 7 |  7.2
Shields        | 1 2 3 4 |  4.0
Dodging        | 4 5 6 |  6.4
Stealth        | |  1.5

Action                   |  1- 3 |  4- 6 |  7- 9 || total
-------------------------+-------+-------+-------++-------
Melee: Unarmed           |    93 |   123 |   223 ||   439
       Headbutt          |     9 |    21 |    34 ||    64
       Punch             |     1 |       |       ||     1
Throw: Tomahawk          |       |       |     4 ||     4
Invok: Heroism           |       |       |     6 ||     6
  Use: Potion            |       |       |     1 ||     1
 Stab: Sleeping          |     2 |       |       ||     2
  Eat: Chunk             |     2 |     4 |     4 ||    10
       Meat ration       |       |     1 |       ||     1
       Pizza             |       |     1 |       ||     1
       Bread ration      |       |       |     1 ||     1
Armor: Robe              |     8 |    12 |     6 ||    26
       Ring mail         |       |       |    26 ||    26
       Skin              |       |       |     5 ||     5
Dodge: Dodged            |    57 |    63 |    90 ||   210
Block: Buckler           |       |    17 |    50 ||    67
